 Dungeon Crawl Stone Soup version 0.30-a0-718-geaa24f58ff (webtiles) character file.

Game seed: 271496366472838555

3012 Fenrisus the Thaumaturge (level 9, -10/48 HPs)
             Began as a Deep Elf Fire Elementalist on Jan 25, 2023.
             Was a Follower of Vehumet.
             Mangled by Psyche
             ... wielding a +3 dagger of chaos
              (14 damage)
             ... on level 7 of the Dungeon.
             The game lasted 00:37:41 (9746 turns).

Fenrisus the Thaumaturge (DEFE)                     Turns: 9746, Time: 00:37:42

Health: -10/48     AC:  5    Str:  5    XL:     9   Next: 55%
Magic:  16/23      EV: 30    Int: 27    God:    Vehumet [*.....]
Gold:   186        SH:  0    Dex: 15    Spells: 13/24 levels left

rFire   + . .      SeeInvis .    h - staff of fire
rCold   . . .      Faith    .    (no shield)
rNeg    . . .      Spirit   .    B - +0 robe {Will+}
rPois   .          Reflect  .    d - +2 hat
rElec   .          Harm     .    (no cloak)
rCorr   .          Rampage  .    n - +0 pair of gloves
Will    +....                    (no boots)
Stlth   ++++                     i - amulet of the acrobat
HPRegen 0.28/turn                c - ring of Woaco {Wiz Int+2}
MPRegen 0.18/turn                j - ring of wizardry

@: acrobatic
A: no striking features
a: Renounce Religion


You were on level 7 of the Dungeon.
You worshipped Vehumet.
Vehumet was aware of your devotion.
You visited 2 branches of the dungeon, and saw 9 of its levels.

You collected 436 gold pieces.
You spent 250 gold pieces at shops.

Inventory:

Missiles
 o - a throwing net
Armour
 d - a +2 hat (worn)
 n - a +0 pair of gloves (worn)
 r - a +1 leather armour of positive energy
 B - a +0 robe of willpower (worn)
Magical Staves
 h - a staff of fire (weapon)
Jewellery
 b - a ring of protection from cold
 c - the ring of Woaco (left hand) {Wiz Int+2}
   (You acquired it on level 1 of the Dungeon)

   [ring of wizardry]

   It improves your spell success rate.
   Int:       It affects your intelligence (+2).
 i - an amulet of the acrobat (around neck)
 j - a ring of wizardry (right hand)
 x - a ring of protection from cold
 A - a ring of fire
Wands
 p - a wand of mindburst (20)
 D - a wand of light (5)
 F - a wand of iceblast (6)
Scrolls
 a - a scroll of amnesia
 s - a scroll of torment {unknown}
 t - a scroll of silence
 v - 2 scrolls of identify
 y - 2 scrolls of brand weapon {unknown}
 z - a scroll of fog
 C - a scroll of blinking {unknown}
 E - a scroll of teleportation
Potions
 e - a potion of heal wounds {unknown}
 f - 3 potions of curing
 g - 2 potions of might
 k - 2 potions of cancellation
 l - 3 potions of mutation
 m - a potion of brilliance {unknown}
 q - 2 potions of haste
 u - a potion of lignification {unknown}
 w - 2 potions of berserk rage {unknown}


   Skills:
 - Level 1.8 Fighting
 + Level 7.4 Dodging
 + Level 8.0 Stealth
 + Level 8.2 Spellcasting
 + Level 6.4 Conjurations
 + Level 0.1 Hexes
 + Level 7.2 Fire Magic
 + Level 0.0 Evocations


You had 13 spell levels left.
You knew the following spells:

 Your Spells              Type           Power      Damage    Failure   Level
a - Foxfire               Conj/Fire      100%       2x1d9     1%          1
b - Inner Flame           Hex/Fire       46%        N/A       1%          3
c - Flame Wave            Conj/Fire      64%        2d15      1%          4
d - Ozocubu's Armour      Ice            11%        N/A       4%          3

Your spell library contained the following spells:

 Spells                   Type           Power      Damage    Failure   Level
 Searing Ray              Conj           90%        2d7       1%          2
 Sandblast                Erth           22%        2d7       1%          1
 Scorch                   Fire           100%       2d10      1%          2
 Kindle Blastsparks       Fire/Tloc/Air  72%        2d16      1%          3
 Stone Arrow              Conj/Erth      56%        3d10      1%          3
 Passwall                 Tmut/Erth      9%         N/A       2%          2
 Leda's Liquefaction      Hex/Erth       5%         N/A       13%         4
 Lee's Rapid Deconstruct  Erth           5%         3d6*      34%         5
 Statue Form              Tmut/Erth      7%         N/A       86%         6
 Ozocubu's Refrigeration  Ice            5%         4d8       100%        7


Dungeon Overview and Level Annotations

Branches:
Dungeon (8/15)             Temple (1/1) D:4
   Lair: D:8-11

Altars:
Ashenzari
Dithmenos
Elyvilon
Gozag
Hepliaklqana
Kikubaaqudgha
Nemelex Xobeh
Okawaru
Qazlal
Ru
Sif Muna
Trog
Uskayaw
Vehumet
Wu Jian
Xom
Yredelemnul
The Shining One

Shops:
D:1 *   D:4 *

Annotations:
D:8 Psyche


Message History

The foxfire hits the orc but does no damage.
The orc is lightly wounded.
Casting: Foxfire (safe; 1% risk of failure)
Confirm with . or Enter, or press ? or * to list all spells.
You feel a surge of power!
You conjure some foxfire!
The foxfire hits the orc.
Flame seeps out of the orc.
The orc is almost dead.
The foxfire hits the orc.
Vehumet accepts your kill.
The orc explodes!
The fiery explosion engulfs you!! You resist.
The fiery explosion engulfs your foxfire.
Your foxfire completely resists.
The fiery explosion engulfs the orc!!
You kill the orc!
Vehumet accepts your kill.
An orc comes into view. It is wielding a +0 flail.
You hear a howl!
You hear an angry growl.
You hear a howl! x2
Casting: Foxfire (safe; 1% risk of failure)
Confirm with . or Enter, or press ? or * to list all spells.
You feel a surge of power!
You conjure some foxfire!
You are engulfed in blazing flames.
You resist.
The foxfire hits something!
The foxfire hits something. x2
You are engulfed in blazing flames.
You resist.
* * * LOW HITPOINT WARNING * * *
The foxfire hits something.
Something barely misses you.
You climb upwards.
Reactivating autopickup.
There is a stone staircase leading down here.
You start resting.
Something barely misses you.
You start resting.
You hear some strange, mumbled words.
Deactivating autopickup; reactivate with Ctrl-A.
Something tries to affect you, but you resist.
Something completely misses you.
You start resting.
Something closely misses you.
You start resting.
Something hits you!
* * * LOW HITPOINT WARNING * * *
You are electrocuted!
You die...

#.##.###..##.>#..#
#.##.###..........
#(##...........#.#
#)######.###.#####
#)# #.# #.# #(#
#.###.# #)#
#..##.#####
#.#######.##......
#@......#.#######.
#######.#.# #.
#.#.# #. #.#.# #.
#.#.#######.
#.#.........
#.#########.
#.#########.
#...........


There were no monsters in sight!

Vanquished Creatures
  Pikel (D:6)
  A water moccasin (D:6)
  4 ice beasts
  2 sky beasts
  3 black bears
  3 ogres
  A phantom (D:7)
  A lemure (D:6)
  2 kobold brigands (D:7)
  A bullfrog (D:7)
  3 necrophages
  2 scorpions
  2 jellies
  3 orc priests
  4 hounds
  4 iguanas
  6 orc wizards
  3 gnolls (D:4)
  6 adders
  A white imp (D:7)
  3 ufetubi
  2 worms (D:3)
  2 dart slugs (D:1)
  24 orcs
  6 endoplasms
  3 giant cockroaches
  6 goblins
  8 hobgoblins
  6 ball pythons
  4 bats
  2 frilled lizards
  16 kobolds
  8 rats
143 creatures vanquished.

Vanquished Creatures (collateral kills)
  An iguana (D:6)
1 creature vanquished.

Vanquished Creatures (others)
  A quokka (D:7)
  3 bushes (D:7)
  525 foxfires
529 creatures vanquished.

Grand Total: 673 creatures vanquished

Notes
Turn   | Place    | Note
-------+----------+-------------------------------------------
     0 | D:1      | Fenrisus the Deep Elf Fire Elementalist began the quest for
                  | the Orb.
     0 | D:1      | Reached XP level 1. HP: 10/10 MP: 6/6
   218 | D:1      | Identified a scroll of acquirement
   219 | D:1      | Acquired the ring of Woaco {Wiz Int+2}
   265 | D:1      | Reached XP level 2. HP: 15/15 MP: 4/8
   450 | D:1      | Found Jesunesh's Assorted Antiques.
  1198 | D:2      | Reached XP level 3. HP: 19/19 MP: 6/9
  1990 | D:3      | Learned a level 3 spell: Inner Flame
  2361 | D:3      | Reached XP level 4. HP: 24/24 MP: 7/11
  3244 | D:4      | Found a staircase to the Ecumenical Temple.
  3260 | Temple   | Entered the Ecumenical Temple
  3534 | Temple   | Became a worshipper of Vehumet
  3808 | D:4      | Found a broken altar of Ashenzari.
  3830 | D:4      | Reached XP level 5. HP: 28/28 MP: 5/13
  3946 | D:4      | Found a glowing golden altar of the Shining One.
  4205 | D:4      | Reached skill level 1 in Fighting
  5006 | D:4      | Found Idaucaso's Fire Supplies.
  5194 | D:5      | Entered Level 5 of the Dungeon
  5290 | D:4      | Bought a staff of fire for 250 gold pieces
  5301 | D:4      | Learned a level 4 spell: Flame Wave
  5364 | D:5      | Found a sparkling altar of Nemelex Xobeh.
  5369 | D:5      | Noticed a black bear
  5383 | D:5      | Killed a black bear
  5384 | D:5      | Reached XP level 6. HP: 7/34 MP: 8/15
  5719 | D:5      | Reached skill level 5 in Spellcasting
  5719 | D:5      | Reached XP level 7. HP: 39/39 MP: 7/16
  6030 | D:5      | You fall into a shaft and drop 2 floors!
  6059 | D:7      | Reached skill level 5 in Stealth
  6088 | D:7      | Reached skill level 5 in Fire Magic
  6140 | D:6      | Reached skill level 5 in Dodging
  6304 | D:5      | Reached XP level 8. HP: 44/44 MP: 8/19
  6307 | D:5      | Reached * piety under Vehumet
  6307 | D:5      | Offered knowledge of Shock by Vehumet.
  7001 | D:6      | Reached skill level 5 in Conjurations
  7203 | D:6      | Learned a level 3 spell: Ozocubu's Armour
  7474 | D:6      | Noticed Pikel
  7490 | D:6      | Killed Pikel
  7491 | D:6      | Reached XP level 9. HP: 38/48 MP: 9/22
  7807 | D:6      | Found a shimmering altar of Xom.
  7808 | D:6      | Found a hazy altar of Hepliaklqana.
  7809 | D:6      | Noticed a spectral ugly thing
  7809 | D:6      | Noticed a will-o-the-wisp
  8756 | D:7      | Found a white marble altar of Elyvilon.
  9008 | D:7      | Found a basalt altar of Yredelemnul.
  9027 | D:7      | Found a shadowy altar of Dithmenos.
  9031 | D:7      | Found a hide-covered altar of Uskayaw.
  9034 | D:7      | Found a sacrificial altar of Ru.
  9040 | D:7      | Found a stormy altar of Qazlal.
  9102 | D:7      | Offered knowledge of Searing Ray by Vehumet.
  9253 | D:7      | Reached ** piety under Vehumet
  9261 | D:7      | Found an ornate altar of the Wu Jian Council.
  9736 | D:8      | Noticed Psyche
  9746 | D:7      | Mangled by Psyche

Illustrated notes

Levels and vault maps discovered:
D:1:      sevenhm_arrival_forest_fort_large_3, layout_basic, serial_shops,
          nicolae_square_shop, reono_crystal_passage
D:2:      layout_loops_ring
D:3:      layout_basic, chequers_serial_rivers_room_b
D:4:      layout_loops_corners, mainiacjoe_overflow_catwalk, tso_altar,
          minmay_temple_entry_statues_pillars, nicolae_shop_fire_sale
          [nicolae_sub_dead_trees]
D:5:      layout_rooms, kennysheep_mini_moat, minmay_pentangle
D:6:      layout_gridville, regret_index_temple_of_mockery,
          minmay_tree_intersection, uniq_pikel
D:7:      minmay_klotski, layout_loops_ring, lemuel_coloured_pillars_altar,
          nicolae_overflow_hallway_of_the_gods, elyvilon_altar_4
D:8:      layout_layer_cave, makhleb_blood_cavern_becter, david_lair_shrubbed,
          hangedman_decor_riveting, uniq_grum, uniq_psyche
Temple:   hellmonk_temple_beads

Skill      XL: |  1  2  3  4  5  6  7  8  9 |
---------------+----------------------------+-----
Stealth        | 3 4 5 7 8 |  8.0
Dodging        | 3 4 5 6 7 |  7.4
Conjurations   | 2 3 4 5 6 |  6.4
Fire Magic     | 4 5 6 7 |  7.2
Spellcasting   | 4 5 6 7 8 |  8.2
Fighting       | 1 |  1.8
Hexes          | |  0.1

Action                     |  1- 3 |  4- 6 |  7- 9 || total
---------------------------+-------+-------+-------++-------
  Melee: Unarmed           |     7 |       |       ||     7
         Short sword       |     9 |       |       ||     9
         Quarterstaff      |       |     1 |       ||     1
         Staff             |       |       |     1 ||     1
   Cast: Foxfire           |    81 |    66 |   167 ||   314
         Inner Flame       |     2 |     8 |    18 ||    28
         Flame Wave        |       |       |     2 ||     2
         Ozocubu's Armour  |       |       |     2 ||     2
  Evoke: Wand              |       |       |     7 ||     7
    Use: Scroll            |     8 |     6 |     4 ||    18
         Potion            |       |       |     2 ||     2
   Stab: Sleeping          |     2 |       |       ||     2
 Armour: Robe              |     6 |     3 |     1 ||    10
         Leather armour    |       |       |     9 ||     9
  Dodge: Dodged            |    15 |    11 |    30 ||    56

Table legend: (Time is in decaauts)
 A = Elapsed time spent in this place.
 B = Non-inter-level travel time spent in this place.
 C = Inter-level travel time spent in this place.
 D = Time resting spent in this place.
 E = Time spent auto-exploring this place.
 F = Levels seen in this place.
 G = Mean time per level.
                   A        B        C        D        E       F      G
               +--------+--------+--------+--------+--------+-----+--------+
         Total |   9745 |   5731 |   4014 |   2635 |   2113 |   9 | 1082.8 |
       Dungeon |   9421 |   5648 |   3773 |   2635 |   2039 |   8 | 1177.6 |
        Temple |    323 |     82 |    241 |      0 |     74 |   1 |  323.0 |
               +--------+--------+--------+--------+--------+-----+--------+

Top non-repeatable levels by time:
     D:6: 1860 daAuts
     D:4: 1800 daAuts
     D:7: 1409 daAuts
     D:3: 1243 daAuts
     D:5: 1200 daAuts
     D:1: 1184 daAuts
     D:2: 714 daAuts
  Temple: 323 daAuts
     D:8: 8 daAuts
